 Dungeon Crawl Stone Soup version 0.27.1-3-gb3d3a73c9e (webtiles) character file.

Game seed: 13483877384298757325

491 styxcanada the Covert (level 6, -2/32 HPs)
             Began as a Spriggan Brigand on Oct 21, 2021.
             Was an Initiate of Gozag.
             Slain by a gnoll sergeant (4 damage)
             ... on level 5 of the Dungeon.
             The game lasted 00:18:52 (3764 turns).

styxcanada the Covert (Spriggan Brigand)            Turns: 3764, Time: 00:18:53

Health: -2/32      AC:  5    Str:  7    XL:     6   Next: 91%
Magic:  0/17       EV: 18    Int: 18    God:    Gozag
Gold:   84         SH:  0    Dex: 19    Spells: 4/7 levels left

rFire    . . .     SeeInvis +   a - +3 dagger (chaos)
rCold    + . .     Faith    .   (shield restricted)
rNeg     . . .     Spirit   +   p - +2 robe {rC+}
rPois    .         Reflect  .   (helmet restricted)
rElec    .         Harm     .   c - +0 cloak
rCorr    .         Rampage  .   (gloves unavailable)
Will     +....                  (boots unavailable)
Stlth    ++++......             g - amulet of guardian spirit
HPRegen  0.10/turn              h - +6 ring of intelligence
MPRegen  0.15/turn              x - ring of magical power

@: very quick
A: very small, no large weapons, unfitting armour, see invisible, speed 3
a: Renounce Religion, Potion Petition, Call Merchant, Bribe Branch


You were on level 5 of the Dungeon.
You worshipped Gozag.
Gozag was noncommittal.
You visited 2 branches of the dungeon, and saw 6 of its levels.

You collected 191 gold pieces.
You spent 63 gold pieces at shops.
You paid 44 gold pieces to Gozag.

Inventory:

Hand Weapons
 a - a +3 dagger of chaos (weapon)
 s - a +0 hunting sling
 A - a +4 quarterstaff of chaos
Missiles
 d - 11 poisoned darts (quivered)
 e - a curare-tipped dart
 i - a throwing net
 j - 6 boomerangs
 k - 210 stones
 t - 42 sling bullets
Armour
 c - a +0 cloak (worn)
 p - a +2 robe of cold resistance (worn)
Jewellery
 g - an amulet of guardian spirit (around neck)
 h - a +6 ring of intelligence (left hand)
 x - a ring of magical power (right hand)
 E - a ring of fire
Scrolls
 f - 2 scrolls of teleportation
 l - 2 scrolls of amnesia
 o - a scroll of fear
Potions
 m - a potion of resistance
 n - a potion of brilliance
 q - a potion of heal wounds
 u - a potion of cancellation
 w - a potion of ambrosia
 z - 2 potions of invisibility
 C - a potion of curing
 D - a potion of magic {unknown}


   Skills:
 * Level 2.6 Fighting
 + Level 3.7 Short Blades
 + Level 2.9 Throwing
 * Level 3.6 Dodging
 * Level 9.3 Stealth
 * Level 1.3 Spellcasting
 * Level 0.8 Summonings


You had 4 spell levels left.
You knew the following spells:

 Your Spells              Type           Power      Damage    Failure   Level
a - Call Canine Familiar  Summ           4%         N/A       38%         3

Your spell library contained the following spells:

 Spells                   Type           Power      Damage    Failure   Level
 Ozocubu's Armour         Ice            1%         N/A       52%         3
 Portal Projectile        Hex/Tloc       2%         N/A       52%         3
 Leda's Liquefaction      Hex/Erth       0%         N/A       89%         4
 Ozocubu's Refrigeration  Ice            0%         4d5       100%        7


Dungeon Overview and Level Annotations

Branches:
Dungeon (5/15)             Temple (1/1) D:4

Altars:
Cheibriados
Dithmenos
Elyvilon
Gozag
Kikubaaqudgha
Makhleb
Okawaru
Qazlal
Uskayaw
Wu Jian
Yredelemnul
Zin
The Shining One

Shops:
D:3 (*


Innate Abilities, Weirdness & Mutations

You are very small and have problems with some larger weapons.
You are too small for most types of armour.
You have supernaturally acute eyesight. (SInv)
You cover ground extremely quickly. (Speed+++)


Message History

There is a stone staircase leading down here.
There is an open door here.
There is a stone staircase leading down here.
You climb downwards.
There is a stone staircase leading up here.
You hit the gnoll. You burn the gnoll.
The gnoll is moderately wounded.
The gnoll barely misses you.
You hit the gnoll but do no damage.
The gnoll is moderately wounded.
The gnoll hits you with a +2 vampiric whip.
The gnoll draws strength from your wounds!
You closely miss the gnoll.
The gnoll is lightly wounded.
The gnoll sergeant barely misses you.
You hit the gnoll.
The gnoll is moderately wounded.
The gnoll sergeant hits you from afar with a +1 trident of freezing!
The gnoll sergeant freezes you.
You hit the gnoll but do no damage.
The gnoll is moderately wounded.
The gnoll closely misses you.
The gnoll sergeant hits you from afar with a +1 trident of freezing.
You hit the gnoll but do no damage.
The gnoll is moderately wounded.
The gnoll sergeant barely misses you.
You hit the gnoll but do no damage.
The gnoll seems to speed up.
The gnoll is moderately wounded.
The gnoll misses you.
You hit the gnoll.
The gnoll resists with some effort.
The gnoll is severely wounded.
You hear a shout!
The gnoll sergeant hits you from afar with a +1 trident of freezing!
* * * LOW HITPOINT WARNING * * *
The gnoll sergeant freezes you.
* * * LOW HITPOINT WARNING * * *
The gnoll misses you.
The gnoll sergeant hits you from afar with a +1 trident of freezing.
You die...
Your body crumbles into a pile of gold. #.# #.#####.# #.......# #<# #.# #.## ggZ

###g#.
#.@#
#.
#.#.#
# #.
#.# #.
.# #.
# #.
.. ##


You could see a gnoll sergeant, 2 gnolls and a hound skeleton.

Vanquished Creatures
  Sigmund (D:3)
  A scorpion (D:4)
  A bullfrog (D:4)
  Crazy Yiuf (D:3)
  2 hounds (D:4)
  A hound skeleton (D:4)
  5 adders
  An adder skeleton (D:4)
  3 worms
  An orc (D:3)
  4 ball pythons
  4 endoplasms
  4 giant cockroaches
  4 goblins
  10 hobgoblins
  A quokka (D:3)
  A frilled lizard (D:1)
  2 giant cockroach zombies (D:1)
  6 kobolds
  4 rats
57 creatures vanquished.

Notes
Turn   | Place    | Note
-------+----------+-------------------------------------------
     0 | D:1      | styxcanada the Spriggan Brigand began the quest for the
                  | Orb.
     0 | D:1      | Reached XP level 1. HP: 10/10 MP: 2/2
   214 | D:1      | Reached skill level 6 in Stealth
   523 | D:1      | Reached XP level 2. HP: 10/15 MP: 3/3
  1209 | D:2      | Reached skill level 7 in Stealth
  1209 | D:2      | Reached XP level 3. HP: 18/18 MP: 4/4
  1695 | D:3      | Noticed Sigmund
  1702 | D:3      | Killed Sigmund
  1703 | D:3      | Reached skill level 8 in Stealth
  1703 | D:3      | Reached XP level 4. HP: 23/23 MP: 5/5
  1703 | D:3      | Reached XP level 5. HP: 26/26 MP: 6/6
  1829 | D:3      | Found Efydwyg's Antique Weapon Shoppe.
  1846 | D:3      | Found a faded altar of an unknown god.
  2167 | D:3      | Found a runed translucent door.
  2168 | D:3      | Noticed Crazy Yiuf
  2198 | D:3      | Killed Crazy Yiuf
  2199 | D:3      | Reached XP level 6. HP: 32/32 MP: 7/7
  2304 | D:3      | Found Ojuiff's Assorted Antiques.
  2307 | D:3      | Bought a scroll labelled REDUALLIJA for 21 gold pieces
  2307 | D:3      | Bought a scroll labelled HIGRI JULUCUINT for 21 gold pieces
  2307 | D:3      | Bought a scroll labelled YFFIET IXAUHEA for 21 gold pieces
  2311 | D:3      | Learned a level 3 spell: Call Canine Familiar
  2586 | D:4      | Reached skill level 9 in Stealth
  2638 | D:4      | Found a white marble altar of Elyvilon.
  2846 | D:4      | Identified 2 scrolls of acquirement
  2846 | D:4      | Acquired an amulet of guardian spirit
  3151 | D:4      | Found a staircase to the Ecumenical Temple.
  3165 | Temple   | Entered the Ecumenical Temple
  3176 | Temple   | Became a worshipper of Gozag Ym Sagoz the Greedy
  3212 | D:4      | Acquired a +2 robe of cold resistance
  3285 | D:4      | Reached skill level 1 in Spellcasting
  3435 | D:5      | Entered Level 5 of the Dungeon
  3764 | D:5      | Slain by a gnoll sergeant

Illustrated notes

Levels and vault maps discovered:
D:1:      saegor_arrival_fortress, layout_loops_ring, hex_large
D:2:      layout_rooms
D:3:      layout_basic, dreamdust_ecumenical_altar_statues, serial_shops,
          nicolae_shop_behind_doors, shop_fountains,
          chequers_serial_rivers_small_3, uniq_crazy_yiuf_cottage, uniq_sigmund
D:4:      layout_basic, elyvilon_altar_5, minmay_temple_entry_mist
D:5:      layout_loops_ring, serial_shops, shop
Temple:   lightli_temple_of_artemis

Skill      XL: |  1  2  3  4  5  6 |
---------------+-------------------+-----
Stealth        | 6 7 8 9 |  9.3
Fighting       | 2 |  2.6
Dodging        | 2 3 |  3.6
Short Blades   | 3 |  3.7
Spellcasting   | 1 |  1.3
Throwing       | |  2.9
Summonings     | |  0.8

Action                   |  1- 3 |  4- 6 || total
-------------------------+-------+-------++-------
Melee: Dagger            |    81 |   118 ||   199
Throw: Dart              |    18 |    18 ||    36
  Use: Scroll            |       |    17 ||    17
 Stab: Sleeping          |     7 |     7 ||    14
Armor: Robe              |     9 |    18 ||    27
Dodge: Dodged            |    41 |    94 ||   135
